 Dungeon Crawl Stone Soup version 0.31-a0-229-g1fc7ce93e2 (webtiles) character file.

Game seed: 10711724058711793115

9 coffeetime the Firebug (level 2, 22/22 HPs)
             Began as a Draconian Fire Elementalist on July 7, 2023.
             Was a Follower of Lugonu.
             Quit the game on level 1 of the Dungeon.
             The game lasted 00:02:17 (274 turns).

coffeetime the Firebug (Draconian Fire Elementalist) Turns: 274, Time: 00:02:18

Health: 22/22      AC:  4    Str: 10    XL:     2   Next: 3%
Magic:  5/5        EV: 12    Int: 15    God:    Lugonu [*.....]
Gold:   19         SH:  0    Dex: 11    Spells: 4/5 levels left

rFire   . . .        d - +0 dagger (freeze)
rCold   . . .        (no shield)
rNeg    . . .        (body armour unavailable)
rPois   .            (helmet restricted)
rElec   .            (no cloak)
rCorr   .            (no gloves)
SInv    .            (no boots)
Will    .....        (no amulet)
Stlth   ++           (no ring)
HPRegen 0.23/turn    (no ring)
MPRegen 0.09/turn

%: no passive effects
@: no status effects
A: AC +4, unfitting armour, cold-blooded
a: Renounce Religion, Depart the Abyss


You were on level 1 of the Dungeon.
You worshipped Lugonu.
Lugonu was aware of your devotion.
You visited 1 branch of the dungeon, and saw 1 of its levels.

You collected 19 gold pieces.

Inventory:

Hand Weapons
 b - a +0 dagger
 d - a +0 dagger of freezing (weapon)
Scrolls
 e - a scroll of teleportation {unknown}
Potions
 a - a potion of magic
 c - a potion of brilliance {unknown}


   Skills:
 * Level 0.7 Fighting
 + Level 1.8 Dodging
 + Level 1.8 Stealth
 + Level 2.2 Spellcasting
 - Level 1.0 Conjurations
 + Level 3.2 Fire Magic


You had 4 spell levels left.
You knew the following spells:

 Your Spells              Type           Power      Damage    Failure   Level
a - Foxfire               Conj/Fire      32%        2x1d5     9%          1

Your spell library contained the following spells:

 Spells                   Type           Power      Damage    Failure   Level
 Scorch                   Fire           22%        2d5       9%          2
 Inner Flame              Hex/Fire       6%         N/A       34%         3
 Volatile Blastmotes      Fire/Tloc      12%        2d11      34%         3
 Flame Wave               Conj/Fire      8%         2d5       65%         4


Dungeon Overview and Level Annotations

Branches:
Dungeon (1/15)

Altars:
Lugonu


Innate Abilities, Weirdness & Mutations

Your plain brown scales are hard. (AC +4)
You cannot fit into any form of body armour.
You are cold-blooded and may be slowed by cold attacks.


Message History

Your foxfire dissipates!
You see here a +0 dagger of freezing.
d - a +0 dagger of freezing Your +0 dagger of freezing glows with a cold blue light!
d - a +0 dagger of freezing (weapon)
Magic restored.
There is an open door here.
You open the door.
There is an open door here.
e - a scroll labelled ZUV XOLEMUSH A goblin comes into view.
It is wielding a +0 dagger.
The goblin shouts!
You hear a shout!
You conjure some foxfire!
The foxfire hits the goblin.
The goblin is moderately wounded.
The foxfire hits the goblin.
You kill the goblin!
A hobgoblin comes into view.
You conjure some foxfire!
The foxfire hits the hobgoblin.
The hobgoblin is moderately wounded.
You conjure some foxfire!
The foxfire hits the hobgoblin.
The hobgoblin is severely wounded.
The foxfire hits the hobgoblin.
The hobgoblin is almost dead.
The foxfire hits the hobgoblin.
You kill the hobgoblin!
You have reached level 2!
You now have 19 gold pieces (gained 17).
Found a faded altar of an unknown god.
Found 5 stones.
Found a robe.
There is a faded altar of an unknown god here.
This altar belongs to (a) Wu Jian, (b) Hepliaklqana or (c) Lugonu, but you can't tell which.
Press the corresponding letter to learn more about a god, or press enter to convert or escape to cancel.
Lugonu accepts your prayer! Lugonu welcomes you!
You can now depart the Abyss.
You see here a +0 robe.
Found a stone staircase leading down.
Are you sure you want to abandon this character and quit the game? (Confirm with "yes".)

#.# #♣.♣# #.#
♣♣.♣ #.##
♣..♣ # ##...
♣.♣♣ . ##...#
♣.♣ .♣
##..... ♣.♣♣
♣.♣ .....#
♣..♣♣.. #..##
#♣.♣.♣ #.@.♣♣
♣...♣ .
#.#♣.♣♣♣.∩.♣
♣.. #'
♣..[♣...♣♣..♣
..
♣♣.......(♣
...
♣♣..8_8.♣♣
.... ♣♣♣♣♣♣♣♣
....> +.....


There were no monsters in sight!

Vanquished Creatures
  An endoplasm (D:1)
  5 goblins (D:1)
  A hobgoblin (D:1)
7 creatures vanquished.

Vanquished Creatures (others)
  10 foxfires (D:1)
10 creatures vanquished.

Grand Total: 17 creatures vanquished

Notes
Turn   | Place    | Note
-------+----------+-------------------------------------------
     0 | D:1      | coffeetime the Draconian Fire Elementalist began the quest
                  | for the Orb.
     0 | D:1      | Reached XP level 1. HP: 14/14 MP: 3/3
   165 | D:1      | Reached XP level 2. HP: 22/22 MP: 0/5
   256 | D:1      | Found a faded altar of an unknown god.
   265 | D:1      | Prayed at the altar of an unknown god.
   265 | D:1      | Became a worshipper of Lugonu the Unformed
   265 | D:1      | Reached * piety under Lugonu
   274 | D:1      | Quit the game

Illustrated notes

Levels and vault maps discovered:
D:1:      beargit_arrival_greenhouse, layout_loops_corners,
          shapermc_ecumenical_altar_totnotflames, chequers_decorated_corner

Action                     || total
---------------------------++-------
  Melee: Unarmed           ||    17
         Tailslap          ||     2
   Cast: Foxfire           ||     7
 Armour: Skin              ||     9
  Dodge: Dodged            ||    12

Table legend: (Time is in decaauts)
 A = Elapsed time spent in this place.
 B = Non-inter-level travel time spent in this place.
 C = Inter-level travel time spent in this place.
 D = Time resting spent in this place.
 E = Time spent auto-exploring this place.
 F = Levels seen in this place.
 G = Mean time per level.
                   A        B        C        D        E       F      G
               +--------+--------+--------+--------+--------+-----+--------+
         Total |    273 |    273 |      0 |      0 |    200 |   1 |  273.0 |
       Dungeon |    273 |    273 |      0 |      0 |    200 |   1 |  273.0 |
               +--------+--------+--------+--------+--------+-----+--------+

Top non-repeatable levels by time:
     D:1: 273 daAuts
